 Dungeon Crawl Stone Soup version 0.19-a0-473-g3ac10ee (webtiles) character file.

13861 Duffy the Cleaver (level 12, -8/92 HPs)
             Began as a Formicid Fighter on June 4, 2016.
             Was the Champion of Cheibriados.
             Mangled by an orc knight
             ... wielding a +0 battleaxe
              (15 damage)
             ... on level 10 of the Dungeon.
             The game lasted 00:15:41 (13087 turns).

Duffy the Cleaver (Formicid Fighter)               Turns: 13087, Time: 00:15:42

Health: -8/92      AC: 15    Str: 41    XL:     12   Next: 38%
Magic:  18/18      EV: 13    Int: 23    God:    Cheibriados [******]
Gold:   661        SH: 15    Dex: 25    Spells: 0 memorised, 11 levels left

rFire  . . .     SeeInvis +     U - +2 battleaxe
rCold  . . .     Gourm    +     w - +0 plate armour
rNeg   + . .     Faith    .     c - +0 shield
rPois  .         Spirit   .     (helmet unavailable)
rElec  .         Dismiss  .     (no cloak)
rCorr  .         Reflect  .     N - +0 pair of gloves
SustAt .         Harm     .     (no boots)
MR     +....                    S - amulet of the gourmand
Stlth  ..........               R - ring of positive energy
                                X - +1 ring of protection

@: very slow, somewhat resistant to hostile enchantments, extremely unstealthy
A: permanent stasis, dig shafts and tunnels, four strong arms, antennae 3
a: Dig, Shaft Self, Bend Time, Temporal Distortion, Slouch, Step From Time,
Renounce Religion


You were on level 10 of the Dungeon.
You worshipped Cheibriados.
Cheibriados was exalted by your worship.
You were full.

You visited 1 branch of the dungeon, and saw 10 of its levels.

You collected 661 gold pieces.


Innate Abilities, Weirdness & Mutations

You are under a permanent stasis effect.
You can dig through walls and to a lower floor.
Your four strong arms can wield two-handed weapons with a shield.
You have a pair of large antennae on your head. (SInv)


   Skills:
 - Level 8.0 Fighting
 + Level 13.0 Axes
 - Level 7.0 Armour
 + Level 4.7 Dodging
 - Level 9.0 Shields
 - Level 8.0 Invocations


You had 11 spell levels left.
You didn't know any spells.

Inventory:

Hand Weapons
 a - a +0 war axe
 x - a +2 flail of protection
 B - a +0 whip of electrocution
 E - a cursed -2 hand axe
 U - a +2 battleaxe (weapon)
 Y - a +0 blowgun
Missiles
 n - 61 poisoned needles
 t - 6 javelins (quivered)
 z - 6 curare-tipped needles
 A - 10 tomahawks
Armour
 c - a +0 shield (worn)
 w - a +0 plate armour (worn)
 H - a cursed +0 buckler
 J - a +0 large shield
 N - a +0 pair of gloves (worn)
Jewellery
 i - a +3 ring of strength
 D - a +1 ring of protection
 I - an uncursed ring of resist corrosion
 K - an uncursed ring of magical power
 Q - an uncursed ring of sustain attributes
 R - a ring of positive energy (right hand)
 S - an amulet of the gourmand (around neck)
 X - a +1 ring of protection (left hand)
Wands
 h - a wand of flame (28/48)
 F - a wand of flame (27/48)
 M - a wand of lightning (15/15)
 T - a wand of disintegration (15/24)
 Z - a wand of iceblast (9/15)
Scrolls
 e - 3 scrolls of identify
 g - 2 scrolls of enchant armour {unknown}
 l - a scroll of blinking {unknown}
 o - a scroll of fear {unknown}
 q - a scroll of random uselessness {unknown}
 u - 7 scrolls of remove curse
 v - 3 scrolls of fog
 y - 2 scrolls of teleportation {unknown}
 C - 2 scrolls of recharging
 O - a scroll of amnesia {unknown}
 P - 3 scrolls of immolation {unknown}
 W - a scroll of magic mapping {unknown}
Potions
 d - 2 potions of might
 k - 3 potions of lignification
 m - 2 potions of magic
 p - 6 potions of curing
 s - 4 potions of agility
 G - a potion of cancellation
Comestibles
 b - 8 fruits
 f - 7 bread rations
 j - 2 slices of pizza
 r - 5 meat rations
 L - 9 royal jellies
 V - a beef jerky

Dungeon Overview and Level Annotations

Branches:
Dungeon (10/15)            Temple (0/1) D:6            Lair (0/8) D:10
    Orc (0/2) D:10

Altars:
Cheibriados
Dithmenos
Hepliaklqana
Kikubaaqudgha
Nemelex Xobeh
Okawaru
Pakellas
Qazlal
Sif Muna
Trog
Uskayaw
Vehumet
Xom
Zin

Shops:
D:8 [


Message History

You slash the ice beast!
The ice beast is heavily wounded.
The ice beast hits you but does no damage.
You slice the ice beast!!
You kill the ice beast!
Cheibriados thoroughly appreciates the change of pace.
Found a mace.
An orc warrior and an orc knight come into view.
The orc knight shouts!
The orc warrior shouts!
An orc and an orc wizard come into view.
An orc and an orc warrior come into view.
The orc warrior shouts!
The orc shouts! x2; The orc wizard shouts!
The orc knight roars a battlecry!
The orcs go into a battle-frenzy!
A hound skeleton comes into view.
A wolf, a wyvern and an orc priest come into view.
The orc priest shouts!
You block the orc warrior's attack.
The orc knight hits you with a battleaxe!
The orc priest casts a cantrip, but nothing happens.
The orc wizard mumbles some strange words.
The orc wizard flickers and vanishes for a moment.
You block the orc's attack.
A worker ant simulacrum comes into view.
You block the orc warrior's attack. The orc knight closely misses you.
The wolf bites you but does no damage.
The orc priest mumbles some strange prayers to Beogh against you.
Beogh smites you! You block the orc warrior's attack. The orc misses you.
You block the orc warrior's attack. The wolf closely misses you.
You slash the orc knight!
The orc knight is moderately wounded.
You slash the orc!
You kill the orc!
Cheibriados thoroughly appreciates the change of pace.
You slash the orc warrior!
The orc warrior is moderately wounded.
You slash the wolf!
The wolf is almost dead.
Your plate armour prevents you from hitting the orc.
The orc knight hits you with a battleaxe!
You block the wolf's attack.
The orc warrior hits you with a war axe!!
The orc barely misses you.
The orc warrior hits you from afar with a halberd!
The hound skeleton bites you but does no damage.
The orc priest calls down the wrath of Beogh upon you.
Beogh smites you! The wolf barely misses you. The hound skeleton misses you.
The orc knight hits you with a battleaxe!
You die...

####'########### ## ..#
#.###.....# ..# ..##
#..)#..#..####'###### ###
###)...#...#........# ###
##.......#........#
..#.......#............##
..+.......#...+.........#
..#...........#..oo......
0.#.......#..##o@ho.)Z.#
.##.......#..##.Zo...o...
.........#####..l.8.....
########## ##.........
##........ #####.... ####


You could see an orc knight, 2 orc warriors, a wyvern, a wolf, an orc priest, an
orc wizard (invisible), a worker ant simulacrum, an orc and a hound skeleton.

Action                   |  1- 3 |  4- 6 |  7- 9 | 10-12 || total
-------------------------+-------+-------+-------+-------++-------
Melee: War axe           |    66 |   194 |   388 |   162 ||   810
       Battleaxe         |       |       |       |   318 ||   318
Invok: Slouch            |       |       |       |     2 ||     2
 Abil: Dig               |       |     6 |    10 |     5 ||    21
  Use: Scroll            |       |     7 |     3 |     2 ||    12
 Stab: Distracted        |       |       |       |     2 ||     2
  Eat: Chunk             |       |     9 |     7 |    19 ||    35
       Pizza             |       |       |     2 |       ||     2
Armor: Scale mail        |    26 |    64 |    13 |       ||   103
       Plate armour      |       |       |   118 |   183 ||   301
Dodge: Dodged            |    19 |    78 |    98 |   140 ||   335
Block: Shield            |    34 |   119 |   273 |   355 ||   781

Notes
Turn   | Place    | Note
--------------------------------------------------------------
     0 | D:1      | Duffy the Formicid Fighter began the quest for the Orb.
     0 | D:1      | Reached XP level 1. HP: 18/18 MP: 1/1
   226 | D:2      | Reached skill level 4 in Shields
   226 | D:2      | Reached XP level 2. HP: 14/24 MP: 2/2
   690 | D:2      | Reached XP level 3. HP: 15/29 MP: 3/3
  1009 | D:3      | Noticed Natasha
  1015 | D:3      | Killed Natasha
  1015 | D:3      | Reached skill level 3 in Axes
  1015 | D:3      | Reached XP level 4. HP: 32/35 MP: 4/4
  1481 | D:3      | Found an oddly glowing altar of Pakellas.
  1586 | D:3      | Noticed Sigmund
  1610 | D:3      | Killed Sigmund
  1610 | D:3      | Reached skill level 7 in Shields
  1610 | D:3      | Reached XP level 5. HP: 9/41 MP: 5/5
  1610 | D:3      | Reached XP level 6. HP: 10/47 MP: 6/6
  1876 | D:3      | Noticed Natasha
  1889 | D:3      | Killed Natasha
  2050 | D:3      | Found a radiant altar of Vehumet.
  2050 | D:3      | Found a snail-covered altar of Cheibriados.
  2053 | D:3      | Became a worshipper of Cheibriados the Contemplative
  2568 | D:1      | Reached * piety under Cheibriados
  2911 | D:2      | Found a shimmering altar of Xom.
  3043 | D:2      | Found a snail-covered altar of Cheibriados.
  3915 | D:3      | Noticed Purgy
  3942 | D:3      | Killed Purgy
  3942 | D:3      | Reached skill level 4 in Axes
  3942 | D:3      | Reached XP level 7. HP: 20/52 MP: 7/7
  4136 | D:3      | Noticed Natasha
  4157 | D:3      | Killed Natasha
  4337 | D:3      | Found an iron altar of Okawaru.
  4450 | D:3      | Reached skill level 8 in Shields
  4453 | D:3      | Reached ** piety under Cheibriados
  5144 | D:4      | Found a shadowy altar of Dithmenos.
  5180 | D:4      | Noticed Edmund
  5208 | D:4      | Killed Edmund
  5208 | D:4      | Reached skill level 5 in Axes
  5208 | D:4      | Reached XP level 8. HP: 46/58 MP: 8/8
  5457 | D:4      | Found a hide-covered altar of Uskayaw.
  5582 | D:4      | Found a glowing silver altar of Zin.
  5909 | D:4      | Found a sparkling altar of Nemelex Xobeh.
  5961 | D:4      | Reached skill level 9 in Shields
  6195 | D:5      | Entered Level 5 of the Dungeon
  6237 | D:5      | Reached skill level 4 in Armour
  6429 | D:5      | Reached skill level 6 in Axes
  6551 | D:5      | Reached *** piety under Cheibriados
  6744 | D:5      | Reached skill level 5 in Armour
  7032 | D:5      | Reached XP level 9. HP: 64/64 MP: 9/9
  7121 | D:6      | Reached skill level 7 in Axes
  7239 | D:6      | Found a stormy altar of Qazlal.
  7280 | D:6      | Noticed Duvessa
  7297 | D:6      | Noticed Dowan
  7308 | D:6      | Killed Duvessa
  7308 | D:6      | Reached skill level 6 in Armour
  7317 | D:6      | Killed Dowan
  7386 | D:6      | Found a staircase to the Ecumenical Temple.
  7647 | D:6      | Reached skill level 7 in Armour
  7723 | D:6      | Reached **** piety under Cheibriados
  7775 | D:6      | Reached skill level 8 in Axes
  8244 | D:7      | Reached skill level 4 in Fighting
  8445 | D:7      | Reached skill level 5 in Fighting
  8574 | D:7      | Reached skill level 1 in Dodging
  8714 | D:7      | Found a hazy altar of Hepliaklqana.
  8726 | D:7      | Reached XP level 10. HP: 74/74 MP: 10/10
  8945 | D:7      | Reached ***** piety under Cheibriados
  8945 | D:7      | Reached skill level 9 in Axes
  8945 | D:7      | Reached skill level 2 in Dodging
  9102 | D:7      | Reached skill level 1 in Invocations
  9163 | D:8      | Reached skill level 2 in Invocations
  9369 | D:8      | Reached skill level 3 in Invocations
  9490 | D:8      | Reached skill level 4 in Invocations
  9528 | D:8      | Found a bloodstained altar of Trog.
  9972 | D:8      | Reached skill level 10 in Axes
  9972 | D:8      | Reached skill level 5 in Invocations
 10343 | D:8      | Found Hufyfani's Antique Armour Boutique.
 10512 | D:8      | Reached skill level 6 in Invocations
 10634 | D:8      | Found an ancient bone altar of Kikubaaqudgha.
 11316 | D:9      | Reached XP level 11. HP: 73/79 MP: 16/16
 11384 | D:9      | Reached skill level 7 in Invocations
 11387 | D:9      | Reached ****** piety under Cheibriados
 11392 | D:9      | Reached skill level 11 in Axes
 11399 | D:9      | Reached skill level 8 in Invocations
 11655 | D:9      | Reached skill level 6 in Fighting
 11743 | D:9      | Found a deep blue altar of Sif Muna.
 11813 | D:10     | Entered Level 10 of the Dungeon
 11977 | D:10     | Found a staircase to the Orcish Mines.
 11979 | D:10     | Reached skill level 7 in Fighting
 12118 | D:10     | Reached skill level 12 in Axes
 12511 | D:10     | Reached skill level 8 in Fighting
 12517 | D:10     | Reached XP level 12. HP: 80/92 MP: 18/18
 12606 | D:10     | Found a staircase to the Lair.
 12618 | D:10     | Reached skill level 3 in Dodging
 12757 | D:10     | Reached skill level 4 in Dodging
 13017 | D:10     | Reached skill level 13 in Axes
 13087 | D:10     | Mangled by an orc knight

Skill      XL: |  1  2  3  4  5  6  7  8  9 10 11 12 |
---------------+-------------------------------------+-----
Shields        | 4 7 8 9 |  9.0
Axes           | 3 4 5 6 8 10 12 13 | 13.0
Armour         | 5 7 |  7.0
Fighting       | 5 8 |  8.0
Dodging        | 1 2 4 |  4.7
Invocations    | 6 8 |  8.0

Vault maps used:
D:1:      dpeg_arrival_shelter, serial_park_tiny_pond
D:2:      old_standard_altar, cheibriados_altar_1
D:3:      marbit_many_paths, nicolae_overflow_hidden_temple,
          gammafunk_temple_overflow_elements, uniq_purgy, uniq_natasha,
          uniq_sigmund
D:4:      nicolae_overflow_crystal_walls, kennysheep_mini, zin_treasury,
          kennysheep_mini_moat, uniq_edmund
D:5:      first_bread
D:6:      grunt_qazlal_clouds, minmay_temple_entry_crystal_x,
          kennysheep_generic_room_5, uniq_duvessa
D:7:      lemuel_doored_altar
D:8:      kiku_gazebo_garden_becter, trog_ov_bears_minmay, serial_shops, shop,
          hangedman_pestilent_swarm
D:9:      led_sif_pool, minivault_22
D:10:     david_lair_generic, kennysheep_orc_monster_closet_entryway,
          serial_ice, serial_ice_g, serial_ice_k, serial_ice_m, serial_ice_e,
          serial_ice_o, serial_ice_b, serial_ice_n

Vanquished Creatures
  An elephant
  A spiny frog
  2 polar bears
  3 trolls
  2 two-headed ogres Sigmund
  15 yaks
  A vampire
  2 hippogriffs
  2 hungry ghosts Edmund
  2 soldier ants Duvessa
  A water moccasin
  3 sky beasts Purgy
  4 black bears
  12 orc warriors
  7 ice beasts
  2 phantoms
  A wasp
  11 ogres
  A wolf
  A centaur
  20 big kobolds
  4 giant frogs
  2 gnoll sergeants Dowan
  3 scorpions
  A killer bee
  3 wights
  2 jellies
  2 electric eels
  6 crimson imps
  A quasit
  10 hounds
  10 orc priests
  17 orc wizards
  2 giant frog skeletons
  An iguana Natasha (thrice)
  9 worker ants
  2 sheep
  A giant frog simulacrum
  2 hound zombies
  A hound skeleton
  A gnoll
  11 adders
  3 shadow imps
  3 white imps
  A worker ant simulacrum
  3 ufetubi
  2 oozes
  11 worms
  4 dart slugs
  11 giant geckos
  50 orcs
  4 giant cockroaches
  7 goblins
  9 hobgoblins
  5 jackals
  17 kobolds
  4 quokkas
  2 ball pythons
  7 bats
  3 giant newts
  A jackal skeleton
  4 rats
  A withered plant
345 creatures vanquished.
